 Dungeon Crawl Stone Soup version 0.27.1-33-g824d729ab1 (webtiles) character file.

Game seed: 693854485571691393

378 lonewolfV2 the Ruffian (level 6, -3/51 HPs)
             Began as a Minotaur Gladiator on Dec 9, 2021.
             Slain by Pikel (15 damage)
             ... on level 4 of the Dungeon.
             The game lasted 00:07:29 (4286 turns).

lonewolfV2 the Ruffian (Minotaur Gladiator)         Turns: 4286, Time: 00:07:29

Health: -3/51      AC:  9    Str: 18    XL:     6   Next: 45%
Magic:  5/5        EV:  8    Int:  5    God:
Gold:   143        SH:  8    Dex: 14    Spells: 5/5 levels left

rFire    . . .     SeeInvis .   k - +3 flail
rCold    . . .     Faith    .   q - +1 kite shield
rNeg     . . .     Spirit   .   p - +3 scale mail {rPois}
rPois    +         Reflect  .   b - +0 hat
rElec    .         Harm     .   (no cloak)
rCorr    .         Rampage  .   (no gloves)
Will     .....                  (no boots)
Stlth    ..........             (no amulet)
HPRegen  0.17/turn              (no ring)
MPRegen  0.09/turn              (no ring)

@: no status effects
A: horns 2, retaliatory headbutt
a: no special abilities


You were on level 4 of the Dungeon.
You visited 1 branch of the dungeon, and saw 4 of its levels.

You collected 143 gold pieces.

Inventory:

Hand Weapons
 k - a +3 flail (weapon)
Missiles
 c - 3 throwing nets (quivered)
Armour
 a - a +0 leather armour
 b - a +0 hat (worn)
 p - a +3 scale mail of poison resistance (worn)
 q - a +1 kite shield (worn)
Jewellery
 h - an amulet of magic regeneration
Wands
 e - a wand of acid (8)
 o - a wand of polymorph (8)
Scrolls
 m - a scroll of enchant weapon {unknown}
Potions
 d - 3 potions of brilliance
 f - a potion of flight
 g - a potion of cancellation {unknown}
 j - a potion of lignification {unknown}
 n - a potion of curing


   Skills:
 + Level 3.4 Fighting
 + Level 2.2 Throwing
 + Level 3.3 Armour
 + Level 4.8 Dodging
 + Level 0.7 Stealth
 + Level 5.6 Unarmed Combat


You had 5 spell levels left.
You didn't know any spells.
Your spell library contained the following spells:

 Spells                   Type           Power      Damage    Failure   Level
 Call Canine Familiar     Summ           0%         N/A       100%        3
 Portal Projectile        Hex/Tloc       0%         N/A       100%        3
 Leda's Liquefaction      Hex/Erth       0%         N/A       100%        4


Dungeon Overview and Level Annotations

Branches:
Dungeon (4/15)
 Temple: D:4-7

Altars:
Zin

Shops:
D:2 [

Annotations:
D:4 Pikel


Innate Abilities, Weirdness & Mutations

You have a pair of horns on your head.
You reflexively headbutt those who attack you in melee.


Message History

You see here 6 large rocks.
You now have 143 gold pieces (gained 11).
You see here 8 boomerangs.
You see here a +0 short sword.
Found a mace.
You see here a +0 club.
You see here 18 arrows.
Things that are here:
a +0 club; a +0 chain mail; the goblin skeleton of Ijyb 2 lemures come into view.
Found a stone staircase leading down.
The lemure shouts! x2
There are monsters nearby!
Pikel the Slaver comes into view.
He is wielding a +2 whip of electrocution.
Pikel shouts!
You hear a shout! x2
A lemure comes into view. x2
You block the lemure's attack.
You sock the lemure!
The lemure is moderately wounded.
You block the lemure's attack. The lemure barely misses you.
You barely miss the lemure.
The lemure is moderately wounded.
The lemure hits you but does no damage.
You barely miss the lemure. Your headbutt misses the lemure.
The lemure is moderately wounded.
The lemure hits you.
You closely miss Pikel. Your headbutt misses Pikel.
Pikel hits you but does no damage.
You hit Pikel.
Pikel is lightly wounded.
Pikel hits you with a +2 whip of electrocution.
You are electrocuted!
Pikel hits you with a +2 whip of electrocution.
You are electrocuted!
You closely miss Pikel. Your headbutt misses Pikel.
Pikel is lightly wounded.
Pikel hits you with a +2 whip of electrocution.
* * * LOW HITPOINT WARNING * * *
You are electrocuted!
You die...

P.♣.♣##.### #.######
P♣♣P.♣..###########.#
..♣..♣P............)#
P.§§..P.##########).#
§.♣P..### #..#
...P♣♣# #..# ♣♣.♣§♣
#..# ...♣♣#
#########..# ♣♣P..#
..5555K@...# ...P.♣
#.########## P....♣
.♣♣♣♣♣ .♣ ♣♣♣ ..# #.#
#.#


You could see Pikel and 4 lemures.

Vanquished Creatures
  An ogre (D:4)
  A scorpion (D:4)
  A hound (D:4)
  An orc priest (D:3)
  Ijyb (D:4)
  Terence (D:3)
  2 gnolls (D:4)
  2 adders
  An ufetubus (D:4)
  A worm (D:2)
  7 orcs (D:3)
  7 endoplasms
  A giant cockroach (D:3)
  10 goblins
  7 hobgoblins
  A jackal (D:2)
  5 quokkas
  4 ball pythons
  6 bats
  4 frilled lizards
  7 kobolds
  8 rats
79 creatures vanquished.

Vanquished Creatures (others)
  4 plants
4 creatures vanquished.

Grand Total: 83 creatures vanquished

Notes
Turn   | Place    | Note
-------+----------+-------------------------------------------
     0 | D:1      | lonewolfV2 the Minotaur Gladiator began the quest for the
                  | Orb.
     0 | D:1      | Reached XP level 1. HP: 18/18 MP: 0/0
   186 | D:1      | Found a faded altar of an unknown god.
   334 | D:1      | Reached XP level 2. HP: 25/25 MP: 1/1
   791 | D:2      | Reached XP level 3. HP: 30/30 MP: 2/2
  1234 | D:2      | Found Xiasm's Antique Armour Shop.
  1626 | D:3      | Reached skill level 4 in Unarmed Combat
  1786 | D:3      | Reached XP level 4. HP: 12/38 MP: 3/3
  1793 | D:3      | Reached skill level 1 in Armour
  2625 | D:3      | Noticed Terence
  2641 | D:3      | Killed Terence
  2993 | D:4      | Reached XP level 5. HP: 45/45 MP: 4/4
  3133 | D:4      | Noticed an ogre
  3139 | D:4      | Killed an ogre
  3140 | D:4      | Reached skill level 5 in Unarmed Combat
  3502 | D:4      | Reached XP level 6. HP: 51/51 MP: 5/5
  3881 | D:4      | Noticed Ijyb
  3891 | D:4      | Killed Ijyb
  4064 | D:4      | Found a glowing silver altar of Zin.
  4279 | D:4      | Noticed Pikel
  4286 | D:4      | Slain by Pikel

Illustrated notes

Levels and vault maps discovered:
D:1:      onia_arrival_handbag, layout_basic, serial_forest,
          infiniplex_forest_lined_2, infiniplex_forest_corner_1,
          infiniplex_forest_straight_1, infiniplex_forest_clump_long,
          infiniplex_forest_lined_corner, shapermc_ecumenical_altar_acropolis
D:2:      minmay_chambers_of_twos, layout_basic, serial_shops,
          nicolae_shop_crystal
D:3:      layout_loops_cross, uniq_terence
D:4:      wad_woods_tower, layout_loops_ring, zin_statuary,
          minmay_misc_feat_enclosed, minmay_quantized, uniq_pikel, uniq_ijyb

Skill      XL: |  1  2  3  4  5  6 |
---------------+-------------------+-----
Dodging        | 4 |  4.8
Fighting       | 3 |  3.4
Unarmed Combat | 4 5 |  5.6
Armour         | 2 3 |  3.3
Throwing       | |  2.2
Stealth        | |  0.7

Action                   |  1- 3 |  4- 6 || total
-------------------------+-------+-------++-------
Melee: Unarmed           |   105 |    86 ||   191
       Headbutt          |    15 |    17 ||    32
       Punch             |     3 |     1 ||     4
       Flail             |       |    15 ||    15
  Use: Scroll            |       |     7 ||     7
       Potion            |       |     5 ||     5
Armor: Leather armour    |    28 |     4 ||    32
       Scale mail        |       |    19 ||    19
Dodge: Dodged            |    76 |    52 ||   128
Block: Kite shield       |       |     2 ||     2
